 Dungeon Crawl Stone Soup version 0.21.0-3-g78d12a8 (webtiles) character file.

381 inmateoo the Vexing (level 6, -2/26 HPs)
             Began as a Felid Enchanter on Jan 11, 2018.
             Killed from afar by an orc wizard (8 damage)
             ... with a magic dart
             ... on level 4 of the Dungeon.
             The game lasted 00:10:23 (6058 turns).

inmateoo the Vexing (Felid Enchanter)               Turns: 6058, Time: 00:10:23

Health: -2/26      AC:  2    Str:  4    XL:     6   Next: 46%
Magic:  3/11       EV: 21    Int: 16    God:
Gold:   210        SH:  0    Dex: 19    Spells: 1/10 levels left
                                        Lives:  0   Deaths: 1

rFire    . . .     SeeInvis +     - Unarmed
rCold    . . .     Gourm    .   (shield unavailable)
rNeg     . . .     Faith    .   (armour unavailable)
rPois    .         Spirit   .   (helmet unavailable)
rElec    .         Reflect  .   (cloak unavailable)
rCorr    .         Harm     .   (gloves unavailable)
MR       .....                  (boots unavailable)
Stlth    ++++......             (no amulet)
HPRegen  0.08/turn              (no ring)
MPRegen  0.12/turn              (no ring)

@: very slightly contaminated, slowed, slow
A: very small, no armour, no weapons or thrown items, stealth, claws 1, fangs 3,
see invisible, carnivore, speed 1, shaggy fur 2, slow metabolism 1, sharp paws
a: no special abilities


You were on level 4 of the Dungeon.
You were not hungry.

You visited 1 branch of the dungeon, and saw 4 of its levels.

You collected 210 gold pieces.

Inventory:

Jewellery
 p - an uncursed ring of stealth {unknown}
 s - an uncursed ring of poison resistance {unknown}
 t - an uncursed ring of poison resistance {unknown}
Wands
 q - a wand of acid (4)
 r - a wand of paralysis (11)
Scrolls
 e - 2 scrolls of fear
 f - a scroll of remove curse
 l - a scroll of enchant weapon
 n - a scroll of magic mapping
Potions
 c - 3 potions of brilliance
 d - a potion of berserk rage {unknown}
 g - a potion of lignification
 h - a potion of agility
 i - a potion of curing {unknown}
 m - a potion of mutation {unknown}
 o - a potion of magic {unknown}
Books
 a - a book of Maledictions

   Spells                             Type                      Level
   a - Corona                         Hexes                        1
   b - Ensorcelled Hibernation        Hexes/Ice                    2
   c - Confuse                        Hexes                        3
   d - Tukima's Dance                 Hexes                        3
   e - Dazzling Spray                 Conjuration/Hexes            3
Comestibles
 b - 8 rations


   Skills:
 + Level 1.7 Fighting
 * Level 5.2 Dodging
 * Level 6.1 Stealth
 * Level 3.3 Unarmed Combat
 + Level 2.9 Spellcasting
 * Level 6.4 Hexes


You had one spell level left.
You knew the following spells:

 Your Spells              Type           Power        Failure   Level  Hunger
a - Ensorcelled Hibernat  Hex/Ice        ##....       8%          2    ##.....
b - Corona                Hex            ###....      1%          1    #......
c - Confuse               Hex            ###.....     4%          3    ###....
d - Dazzling Spray        Conj/Hex       ##....       16%         3    ###....


Dungeon Overview and Level Annotations

Branches:
Dungeon (4/15)
 Temple: D:4-7

Altars:
Qazlal


Innate Abilities, Weirdness & Mutations

You cannot wear armour.
You are incapable of wielding weapons or throwing items.
Your paws allow you to move quietly. (Stealth)
You have sharp claws.
You have razor-sharp teeth.
You have supernaturally acute eyesight. (SInv)
You are carnivorous and can eat meat at any time.
You cover ground quickly.
You are covered in thick fur. (AC +2)
You have a slow metabolism.
Your sharp claws are effective at attacking unaware monsters.


Message History

Unknown command.
Evoke which item? (* to show all) (? for menu, Esc to quit)
Aiming: Corrosive Bolt
Press: ? - help, Shift-Dir - straight line, f - orc wizard, p - orc wizard
Aim: an orc wizard, wielding a dagger and wearing a robe (almost dead, fast)
The bolt of acid hits the orc wizard.
The orc wizard is splashed with acid.
The acid corrodes the orc wizard!
You kill the orc wizard!
Unknown command.
Unknown command.
Evoke which item? (* to show all) (? for menu, Esc to quit)
Aiming: Corrosive Bolt
Press: ? - help, Shift-Dir - straight line, f/p - orc wizard
Aim: an orc wizard, wielding a dagger and wearing a robe (almost dead, fast)
The bolt of acid misses the orc wizard.
The orc wizard gestures wildly while chanting.
The orc wizard blinks!
The orc wizard points at you and mumbles some strange words.
The magic dart hits you!
You die...

........# #..#.##.#.####.....
........# ##.#.##o#.# ..o...
........# #.#.##.#.# ).....
###.###.# #...##.#.# #.#.#.. #.#
#.# ##..##.#.# .. .... #.#
#.#########..##.#.# ###.#.#
###.# #...........>##.#.# #.#
....#################.#.###.#.#
..........#.....@).ยง..o.....#.#
#########.#.#########.#.#####.#
#.#.# #.#.# #.# #.#.#
#.#.#####.### #.#.#
#.#........).
#.#.#########.#######.###
#.#....................#
#.###########.#........# #.#
#.#.######.#


You could see an orc wizard.

Vanquished Creatures
  An ogre (D:4)
  A scorpion (D:4)
  A hound (D:4)
  An orc priest (D:4)
  Ijyb (D:4)
  2 orc wizards (D:4)
  3 worker ants (D:4)
  A hound skeleton (D:4)
  10 adders
  A worm (D:2)
  2 dart slugs
  2 leopard geckos
  An orc (D:4)
  3 giant cockroaches
  9 goblins
  7 hobgoblins
  5 jackals
  2 quokkas
  7 ball pythons
  9 bats
  6 frilled lizards
  7 kobolds
  10 rats
92 creatures vanquished.

Notes
Turn   | Place    | Note
-------+----------+-------------------------------------------
     0 | D:1      | inmateoo the Felid Enchanter began the quest for the Orb.
     0 | D:1      | Reached XP level 1. HP: 7/7 MP: 4/4
   419 | D:1      | Reached XP level 2. HP: 9/11 MP: 3/6
   444 | D:1      | Learned a level 2 spell: Ensorcelled Hibernation
  1723 | D:1      | Reached XP level 3. HP: 14/14 MP: 7/7
  2676 | D:2      | Reached skill level 5 in Hexes
  2857 | D:2      | Reached XP level 4. HP: 18/18 MP: 8/8
  2866 | D:2      | Learned a level 3 spell: Confuse
  3257 | D:3      | Found a stormy altar of Qazlal.
  3259 | D:3      | Noticed an earth elemental
  3260 | D:3      | Noticed a fire elemental
  3260 | D:3      | Noticed a water elemental
  3260 | D:3      | Noticed an air elemental
  3924 | D:2      | Reached skill level 5 in Stealth
  3951 | D:2      | Reached XP level 5. HP: 21/21 MP: 6/9
  3977 | D:2      | Reached skill level 1 in Fighting
  5028 | D:4      | Noticed an orc warrior
  5202 | D:4      | Noticed Ijyb
  5208 | D:4      | Killed Ijyb
  5312 | D:4      | Noticed an ogre
  5324 | D:4      | Gained mutation: You are covered in thick fur. (AC +2) [Felid growth]
  5324 | D:4      | Reached XP level 6. HP: 17/25 MP: 11/11
  5332 | D:4      | Slain by an ogre
  5333 | D:4      | Reached XP level 5. HP: -4/22 MP: 5/10
  5398 | D:4      | Learned a level 3 spell: Dazzling Spray
  5446 | D:4      | Killed an ogre
  5446 | D:4      | Reached XP level 6. HP: 8/25 MP: 0/11
  5671 | D:4      | Reached skill level 5 in Dodging
  6058 | D:4      | Killed from afar by an orc wizard

Skill      XL: |  1  2  3  4  5  6 |
---------------+-------------------+-----
Dodging        | 3 4 5 |  5.2
Hexes          | 5 6 |  6.4
Unarmed Combat | 2 3 |  3.3
Stealth        | 5 6 |  6.1
Fighting       | 1 |  1.7
Spellcasting   | |  2.9

Action                   |  1- 3 |  4- 6 || total
-------------------------+-------+-------++-------
Melee: Unarmed           |   149 |   144 ||   293
       Bite              |    13 |    10 ||    23
       Punch             |     1 |     1 ||     2
 Cast: Corona            |     5 |     6 ||    11
       Ensorcelled Hiber |    24 |    26 ||    50
       Confuse           |       |    10 ||    10
       Dazzling Spray    |       |     4 ||     4
Evoke: Wand              |       |     3 ||     3
  Use: Scroll            |     3 |     8 ||    11
       Potion            |       |     1 ||     1
 Stab: Sleeping          |    20 |    24 ||    44
       Confused          |       |     2 ||     2
  Eat: Chunk             |    13 |     8 ||    21
Armor: Skin              |    20 |    20 ||    40
Dodge: Dodged            |   166 |   162 ||   328
